 Dungeon Crawl Stone Soup version 0.17-a0-1-g1f4be75 (console) character file.

1535 MarvinPA the Cudgeler (level 8, -13/62 HPs)
             Began as a Mummy Necromancer on Mar 7, 2015.
             Was an Initiate of Gozag.
             Hit by a large rock thrown by a cyclops (24 damage)
             ... on level 6 of the Dungeon.
             The game lasted 00:27:45 (9631 turns).

MarvinPA the Cudgeler (Mummy Necromancer)           Turns: 9631, Time: 00:27:46

Health: -13/62     AC: 22    Str: 13      XL:     8   Next: 55%
Magic:  13/13      EV:  4    Int: 14      God:    Gozag
Gold:   74         SH:  0    Dex: 11 (17) Spells: 1 memorised, 10 levels left

rFire  . . .     SeeInvis .     a - +0 dire flail
rCold  . . .     Clarity  .     i - +0 crystal plate armour
rNeg   + + +     SustAb   .     (no shield)
rPois  ∞         Gourm    .     (no helmet)
rElec  .         Spirit   .     j - +0 cloak
rCorr  .         Warding  .     u - +0 pair of gloves (curse)
rMut   .         Stasis   .     h - +0 pair of boots
MR     +....                    (no amulet)
Stlth  ..........               v - ring of fire
                                k - +2 ring of protection

@: agile, flying, invisible, somewhat resistant to hostile enchantments,
extremely unstealthy
A: no food or potions, fire vulnerability, restore body, cold resistance 1,
negative energy resistance 3, poison resistance, torment resistance, unbreathing
a: Potion Petition, Call Merchant, Bribe Branch, Renounce Religion


You were on level 6 of the Dungeon.
You worshipped Gozag.
Gozag was noncommittal.
You were not hungry.

You visited 1 branch of the dungeon, and saw 7 of its levels.

You collected 1044 gold pieces.
You paid 970 gold pieces to Gozag.


Innate Abilities, Weirdness & Mutations

You do not eat or drink.
Your flesh is vulnerable to fire.
Your flesh is cold resistant.
You are immune to negative energy.
Your system is resistant to poisons.
You are immune to unholy pain and torment.
You can survive without breathing.


   Skills:
 - Level 5.2 Fighting
   Level 1.3 Short Blades
 + Level 5.4 Maces & Flails
 + Level 4.6 Armour
 - Level 1.5 Dodging
 - Level 1.5 Stealth
 - Level 2.2 Spellcasting
 - Level 4.2 Necromancy


You had 10 spell levels left.
You knew the following spells:

 Your Spells              Type           Power        Failure   Level  Hunger
z - Pain                  Necr           ##..         100%        1    N/A

Inventory:

Hand weapons
 a - a +0 dire flail (weapon)
 b - a +0 shortbow of freezing
Missiles
 g - 120 arrows
 n - a throwing net {=f}
Armour
 h - a +0 pair of boots (worn)
 i - a +0 crystal plate armour (worn)
 j - a +0 cloak (worn)
 u - a cursed +0 pair of gloves (worn)
Jewellery
 k - a +2 ring of protection (left hand)
 v - a ring of fire (right hand)
Magical devices
 r - a wand of hasting (2) {!d@v3}
Scrolls
 c - a scroll of fog {unknown}
 o - a scroll of remove curse
 p - a scroll of blinking
 s - a scroll of fear
Books
 l - a book of Necromancy

Dungeon Overview and Level Annotations

Branches:
Dungeon (7/15)             Temple (0/1) D:5

Altars:
Ashenzari
Elyvilon
Gozag
Nemelex Xobeh
Trog
Xom

Annotations:
D:5 Natasha

#####
##...###.#....###.......
#.... ..#......<......=
#....#.....#...#.......
##...#.###.#....#...###
#...#.....#......###
#......#.....#...#
#..###)#.###C#...#
#....£.#.....#...##
#M....#.......#### #.
#c###.#.###.......
#...#(....#......#####
#.....£#..(..#...##
#..###£#£###.#....### #.
..#.. .#......## #
#.....#......#....
#.###)#£###..##... #.
.#...........


You could see a cyclops and a centaur.


Message History

The water moccasin is almost dead.
The water moccasin bites you but does no damage.
Your crystal plate armour prevents you from hitting the water moccasin.
The water moccasin is almost dead.
The cyclops shouts!
The water moccasin bites you but does no damage.
The cyclops throws a large rock.
The large rock hits you!
* * * LOW HITPOINT WARNING * * *
The water moccasin bites you.
* * * LOW HITPOINT WARNING * * *
Enter note: rip Use which ability? (? or * to list) [a] - 405 gold - flight, agility and invisibility [b] - 783 gold - heal wounds, resistance, might and haste [c] - 729 gold - heal wounds, curing, berserk rage, haste and agility Purchase which effect?
You don't have enough gold for that! [a] - 405 gold - flight, agility and invisibility [b] - 783 gold - heal wounds, resistance, might and haste [c] - 729 gold - heal wounds, curing, berserk rage, haste and agility Purchase which effect?
You no longer have enough gold to petition Gozag for potion effects.
You feel very buoyant.
You fly up into the air.
You feel agile all of a sudden.
You fade into invisibility!
The centaur shoots an arrow.
The arrow hits the water moccasin!
The water moccasin dies!
The cyclops throws a large rock.
The large rock hits you!!
You die...
Your body crumbles into a pile of gold.

Action                   |  1- 3 |  4- 6 |  7- 9 || total
-------------------------+-------+-------+-------++-------
Melee: Short sword       |   394 |    30 |       ||   424
       Dagger            |     1 |       |       ||     1
       Flail             |       |   528 |    91 ||   619
       Dire flail        |       |       |   366 ||   366
 Fire: Hunting sling     |     5 |    31 |       ||    36
       Shortbow          |       |       |    22 ||    22
Throw: Stone             |     5 |    26 |     1 ||    32
 Cast: Pain              |    12 |       |       ||    12
Invok: Potion Petition   |       |     1 |     3 ||     4
Evoke: Wand              |       |       |     3 ||     3
  Use: Scroll            |     3 |     4 |     6 ||    13
 Stab: Distracted        |       |     1 |       ||     1

Vault maps used:
D:1:      saegor_arrival_simple_b
D:2:      wad_crossroads
D:3:      grunt_temple_overflow_opulence, elyvilon_altar_1, uniq_iyjb
D:4:      xom_teletrap_fun, nicolae_overflow_hidden_temple, first_bread
D:5:      lemuel_coloured_pillars_altar, tgw_trog,
          minmay_temple_entry_crystal_x, hangedman_abyss_or_decor_stabs,
          supply_closet_lemuel, uniq_blork_the_orc, uniq_natasha, uniq_edmund
D:6:      hangedman_cross_stitches, uniq_prince_ribbit1
D:7:      overflow_temple_1_default, old_standard_altar

Notes
Turn   | Place    | Note
--------------------------------------------------------------
     0 | D:1      | MarvinPA, the Mummy Necromancer, began the quest for the Orb.
     0 | D:1      | Reached XP level 1. HP: 13/13 MP: 3/3
   315 | D:1      | Identified a +0 crystal plate armour (You found it on level 1 of the Dungeon)
   359 | D:1      | Reached XP level 2. HP: 13/19 MP: 4/4
   505 | D:1      | amazing
   801 | D:1      | Reached skill level 1 in Armour
  1124 | D:2      | Reached XP level 3. HP: 21/25 MP: 6/6
  1353 | D:2      | Reached skill level 1 in Fighting
  1842 | D:2      | good
  2274 | D:2      | excellent
  2294 | D:2      | Reached skill level 1 in Short Blades
  2537 | D:2      | Reached XP level 4. HP: 24/32 MP: 7/7
  2901 | D:3      | Found a sparkling altar of Nemelex Xobeh.
  2902 | D:3      | Found an opulent altar of Gozag.
  2907 | D:3      | Became a worshipper of Gozag Ym Sagoz the Greedy
  2966 | D:2      | uh oh
  3197 | D:3      | Reached skill level 2 in Fighting
  3265 | D:3      | Noticed Ijyb
  3283 | D:3      | Killed Ijyb
  3289 | D:3      | nice
  3696 | D:3      | Reached skill level 3 in Fighting
  3696 | D:3      | Reached XP level 5. HP: 31/41 MP: 9/9
  3844 | D:3      | Reached skill level 2 in Armour
  4399 | D:3      | Found a white marble altar of Elyvilon.
  4452 | D:3      | Reached skill level 1 in Maces & Flails
  4632 | D:3      | amazing
  5272 | D:4      | Reached XP level 6. HP: 38/47 MP: 10/10
  5391 | D:4      | Found a shimmering altar of Xom.
  6179 | D:4      | Reached skill level 2 in Maces & Flails
  6179 | D:4      | Reached skill level 3 in Armour
  6598 | D:4      | Found a shattered altar of Ashenzari.
  6699 | D:5      | Entered Level 5 of the Dungeon
  6699 | D:5      | Found a staircase to the Ecumenical Temple.
  6822 | D:4      | Reached XP level 7. HP: 34/52 MP: 12/12
  6949 | D:5      | Reached skill level 3 in Maces & Flails
  7411 | D:5      | Noticed Blork the orc
  7425 | D:5      | Killed Blork the orc
  7425 | D:5      | Reached skill level 4 in Armour
  7656 | D:5      | Noticed Edmund
  7670 | D:5      | Killed Edmund
  7670 | D:5      | Reached skill level 4 in Fighting
  7670 | D:5      | Reached skill level 4 in Maces & Flails
  7766 | D:5      | Reached XP level 8. HP: 47/61 MP: 13/13
  7882 | D:5      | hurrah
  8028 | D:5      | rip dex
  8073 | D:5      | Found a bloodstained altar of Trog.
  8073 | D:5      | Noticed a moth of wrath
  8073 | D:5      | Noticed Natasha
  8074 | D:5      | amazing
  8445 | D:6      | Noticed a brown ugly thing
  8445 | D:6      | uh
  8492 | D:6      | Noticed a cyclops
  8493 | D:6      | ouch
  8868 | D:6      | Reached skill level 5 in Fighting
  8893 | D:6      | HP: 4/62 [hound (3)]
  9367 | D:6      | Reached skill level 5 in Maces & Flails
  9631 | D:6      | rip
  9631 | D:6      | Hit by a large rock thrown by a cyclops

Vanquished Creatures
  Edmund (D:5)
  A sky beast (D:7)
  An orc warrior (D:6)
  2 centaurs
  An ogre (D:4)
  A giant frog (D:6)
  Blork the orc (D:5)
  A scorpion (D:5)
  4 hounds
  A giant frog skeleton (D:5)
  A centaur skeleton (D:5)
  An orc priest (D:3)
  4 worker ants
  An orc wizard (D:5)
  Ijyb (D:3)
  A worker ant zombie (D:5)
  8 adders
  7 gnolls
  2 giant mites
  6 worms
  3 giant geckos
  2 oozes
  29 orcs
  2 ball pythons
  14 bats
  16 hobgoblins
  10 jackals
  A quokka (D:2)
  8 giant cockroaches
  A giant gecko skeleton (D:6)
  10 giant newts
  9 goblins
  A jackal skeleton (D:5)
  7 kobolds
  3 quokka skeletons
  9 rats
171 creatures vanquished.

Vanquished Creatures (others)
  A water moccasin (D:6)
1 creature vanquished.

Grand Total: 172 creatures vanquished
